 Dungeon Crawl Stone Soup version 0.21-a0-225-g207ae17 (webtiles) character file.

57 RKaid the Grave Robber (level 3, -3/26 HPs)
             Began as a Mummy Necromancer on Aug 30, 2017.
             Killed from afar by Sigmund (10 damage)
             ... with a puff of flame
             ... on level 2 of the Dungeon.
             The game lasted 00:09:04 (1509 turns).

RKaid the Grave Robber (Mummy Necromancer)          Turns: 1509, Time: 00:09:05

Health: -3/26      AC:  3    Str: 11    XL:     3   Next: 73%
Magic:  8/8        EV: 11    Int: 15    God:
Gold:   54         SH:  0    Dex: 12    Spells: 4/9 levels left

rFire    x . .     SeeInvis .   j - +4 mace (protect)
rCold    + . .     Gourm    .   (no shield)
rNeg     + + +     Faith    .   f - +0 leather armour
rPois    ∞         Spirit   .   (no helmet)
rElec    .         Reflect  .   (no cloak)
rCorr    .         Harm     .   (no gloves)
MR       .....                  (no boots)
Stlth    +.........             (no amulet)
HPRegen  0.08/turn              (no ring)
MPRegen  0.11/turn              (no ring)

@: no status effects
A: no food or potions, fire vulnerability, cold resistance 1, negative energy
resistance 3, torment resistance, unbreathing
a: no special abilities


You were on level 2 of the Dungeon.
You were not hungry.

You visited 1 branch of the dungeon, and saw 2 of its levels.

You collected 54 gold pieces.

Inventory:

Hand Weapons
 c - a +0 hunting sling of flaming
   (You found it on level 1 of the Dungeon)
 j - a +4 mace of protection (weapon)
   (You found it on level 1 of the Dungeon)
Missiles
 h - 30 sling bullets
 n - 25 stones (quivered)
Armour
 f - a +0 leather armour (worn)
   (You found it on level 2 of the Dungeon)
Scrolls
 a - a scroll of noise {unknown}
 e - a scroll of enchant armour {unknown}
Books
 b - a book of Necromancy


   Skills:
 + Level 1.5 Fighting
 - Level 1.5 Dodging
 - Level 1.5 Stealth
 + Level 3.6 Spellcasting
 + Level 4.6 Necromancy


You had 4 spell levels left.
You knew the following spells:

 Your Spells              Type           Power        Failure   Level  Hunger
a - Pain                  Necr           ###.         3%          1    N/A
b - Vampiric Draining     Necr           ###.......   11%         3    N/A
A - Animate Skeleton      Necr           N/A          3%          1    N/A

Dungeon Overview and Level Annotations

Branches:
Dungeon (2/15)

Altars:

Annotations:
D:2 Sigmund


Innate Abilities, Weirdness & Mutations

You do not eat or drink.
Your flesh is vulnerable to fire.
You are immune to poison.
Your flesh is cold resistant. (rC+)
You are immune to negative energy. (rN+++)
You are immune to unholy pain and torment.
You can survive without breathing.


Message History

You shoot a sling bullet. The sling bullet misses the adder.
Casting: Animate Skeleton
Confirm with . or Enter, or press ? or * to list all spells.
Aiming: Pain
Press: ? - help, Shift-Dir - straight line, f/p - adder
Aim: an adder (severely wounded, chance to defeat MR: 81%)
The adder writhes in agony!
A goblin comes into view. It is wielding a dagger.
Your hobgoblin skeleton hits the adder but does no damage.
The goblin moves out of view.
The adder misses you.
Firing (i - inventory. (,) - cycle):
h - 31 sling bullets (quivered)
Press: ? - help, Shift-Dir - straight line, f/p - adder
Aim: an adder (severely wounded)
You shoot a sling bullet.
The sling bullet closely misses the adder.
The adder closely misses you.
Your hobgoblin skeleton completely misses the adder.
Firing (i - inventory. (,) - cycle):
h - 30 sling bullets (quivered)
Press: ? - help, Shift-Dir - straight line, f/p - adder
Aim: an adder (severely wounded)
You shoot a sling bullet.
The sling bullet closely misses the adder.
The adder barely misses you.
Your hobgoblin skeleton hits the adder but does no damage.
The adder barely misses you.
Casting: Pain
Confirm with . or Enter, or press ? or * to list all spells.
Aiming: Pain
Press: ? - help, Shift-Dir - straight line, f/p - adder
Aim: an adder (severely wounded, chance to defeat MR: 81%)
The adder writhes in agony!
You kill the adder!
You start resting.
You swap places.
h - 30 sling bullets (gained 1)
You see here an adder corpse.
Sigmund the Dreaded comes into view.
He is wielding a scythe.
What are your orders? t - Shout!
Orders for allies: a - Attack new target. r - Retreat! s - Stop attacking. g - Guard the area. f - Follow me.
Anything else - Cancel.
Gang up on whom?
Press: ? - help, Dir - move target cursor, f - Sigmund
Aim: Sigmund, wielding a scythe and wearing a robe Attack!
Press: ? - help, v - describe, . - travel
Here: Sigmund, wielding a scythe and wearing a robe The floor.
Unknown command.
Okay, then.
A stone appears from out of your range of vision.
The stone hits your hobgoblin skeleton. The stone hits your hobgoblin skeleton.
Your hobgoblin skeleton hits Sigmund but does no damage.
Sigmund hits your hobgoblin skeleton with a scythe!
Your hobgoblin skeleton is destroyed!
The goblin shoots a stone.
The stone barely misses you.
You see here a stone.
The goblin shoots a stone.
The stone hits you but does no damage.
Found a stone staircase leading down.
You see here a stone.
The goblin shoots a stone.
The stone hits you.
You see here a stone.
The goblin shoots a stone.
The stone hits you.
You see here a stone.
You see here a stone.
You see here a stone.
Sigmund casts a spell at you.
You are confused.
Sigmund closely misses you.
You can't drink.
You're too confused!
Unknown command.
Unknown command.
Wield which item (- for none, * to show all)? (? for menu, Esc to quit)
Okay, then.
You're too confused to cast spells.
Wield which item (- for none, * to show all)? (? for menu, Esc to quit)
Your +0 hunting sling of flaming stops flaming.
Your +4 mace of protection hums with potential!
j - a +4 mace of protection (weapon)
The goblin unwields an uncursed hunting sling.
The goblin wields a dagger.
The goblin hits you with a dagger.
You thump the goblin!
Your weapon exudes an aura of protection.
You kill the goblin!
Sigmund hits you from afar with a scythe!
You feel less confused. Sigmund gestures at you while chanting.
The puff of flame hits you! The fire burns you terribly!
* * * LOW HITPOINT WARNING * * *
As you read the scroll labeled MOUFIMENAM, it crumbles to dust.
You feel blessed for a moment.
It was a scroll of remove curse.
As you read the scroll labeled ROOREU IHACASE, it crumbles to dust.
The scroll dissolves into smoke.
It was a scroll of fog.
Sigmund gestures at you while chanting. The puff of flame hits you!
The fire burns you terribly!
You die...

..# #.#
###########.####
.......(........
>......(###.####
#......(.(..).#
###......####@# #
..........###§###.#
###.......##@§§...#
#........##§§(...##
#...........§§......
#....###.)#.(.......
#.... #..#.####....
#.... #..#(......(.
#.. ##@..## ...
.....#####.#####.
#........†........


You could see Sigmund.

Vanquished Creatures
  2 adders (D:2)
  A worm (D:2)
  A dart slug (D:1)
  A leopard gecko (D:1)
  A giant cockroach (D:1)
  6 goblins
  5 hobgoblins
  3 bats
  3 frilled lizards (D:1)
  4 kobolds (D:1)
  6 rats
33 creatures vanquished.

Notes
Turn   | Place    | Note
-------+----------+-------------------------------------------
     0 | D:1      | RKaid the Mummy Necromancer began the quest for the Orb.
     0 | D:1      | Reached XP level 1. HP: 13/13 MP: 4/4
     2 | D:1      | Learned a level 1 spell: Animate Skeleton
   185 | D:1      | Reached skill level 3 in Spellcasting
   276 | D:1      | Reached XP level 2. HP: 20/20 MP: 4/6
   832 | D:1      | Reached skill level 1 in Fighting
   963 | D:2      | Reached XP level 3. HP: 26/26 MP: 4/7
   995 | D:2      | Learned a level 3 spell: Vampiric Draining
  1033 | D:2      | HP: 6/26 [adder (1)]
  1471 | D:2      | Noticed Sigmund
  1509 | D:2      | Killed from afar by Sigmund

Vault maps used:
D:1:      dpeg_arrival_tiny_a
D:2:      uniq_sigmund

Skill      XL: |  1  2 |
---------------+-------+-----
Spellcasting   | 3 |  3.6
Fighting       | 1 |  1.5
Dodging        | |  1.5
Stealth        | |  1.5
Necromancy     | |  4.6

Action                   || total
-------------------------++-------
Melee: Mace              ||     1
 Fire: Hunting sling     ||    23
 Cast: Pain              ||    47
       Animate Skeleton  ||     7
       Vampiric Draining ||     1
  Use: Scroll            ||     2
Armor: Robe              ||     2
       Leather armour    ||     1
Dodge: Dodged            ||    20

Table legend:
 A = Spawn XP
 B = Non-spawn XP
 C = Spawn XP percentage of total XP
 D = Spawn monster count
 E = Non-spawn monster count
 F = Spawn count percentage of total count
 G = Total turns spent on level
                    A         B        C        D         E        F      G
               +---------+---------+-------+---------+---------+-------+---------
         Total |       8 |      74 |   9.8 |       4 |      29 |  12.1 |  1509
               +---------+---------+-------+---------+---------+-------+---------
           D:1 |       4 |      35 |  10.3 |       2 |      22 |   8.3 |   958
           D:2 |       4 |      39 |   9.3 |       2 |       7 |  22.2 |   551
               +---------+---------+-------+---------+---------+-------+---------

Table legend:
 A = Turns spent in this place as a percentage of turns spent in the entire game.
 B = Non-inter-level travel turns spent in this place as a percentage of non-inter-level travel turns spent in the entire game.
 C = Inter-level travel turns spent in this place as a percentage of turns spent in this place.
 D = Turns resting spent in this place as a percentage of non-inter-level travel turns spent in this place.
 E = Turns spent auto-exploring this place as a percentage of non-inter-level travel turns spent in this place.
 F = Non-inter-level travel turns spent in this place divided by the number of levels of this place that you've seen.
                   A       B       C       D       E      F
               +-------+-------+-------+-------+-------+----------------------
         Total | 100.0 | 100.0 |   4.4 |  38.7 |  20.9 | 721.0
       Dungeon | 100.0 | 100.0 |   4.4 |  38.7 |  20.9 | 721.0
               +-------+-------+-------+-------+-------+----------------------

Table legend:
 A = Kills in this place as a percentage of kills in entire the game.
 B = Kills by you in this place as a percentage of kills by you in the entire game.
 C = Kills by friends in this place as a percentage of kills by friends in the entire game.
 D = Other kills in this place as a percentage of other kills in the entire game.
 E = Experience gained in this place as a percentage of experience gained in the entire game.
 F = Experience gained in this place divided by the number of levels of this place that you have seen.
                   A       B       C       D       E      F
               +-------+-------+-------+-------+-------+----------------------
         Total | 100.0 | 100.0 |   N/A |   N/A | 100.0 |  41.0
       Dungeon | 100.0 | 100.0 |   N/A |   N/A | 100.0 |  41.0
               +-------+-------+-------+-------+-------+----------------------
